 Dungeon Crawl Stone Soup version 0.23-a0-419-g0174fd8 (webtiles) character file.

1436 sl00ts the Changer (level 8, 0/48 HPs)
             Began as an Octopode Transmuter on Nov 13, 2018.
             Was an Initiate of Okawaru.
             Slain by Erica
             ... wielding a +2 scimitar of flaming
              (4 damage)
             ... on level 8 of the Dungeon.
             The game lasted 00:19:55 (9143 turns).

sl00ts the Changer (Octopode Transmuter)            Turns: 9143, Time: 00:19:55

Health: 0/48       AC:  7    Str: 10    XL:     8   Next: 73%
Magic:  11/14      EV: 20    Int: 16    God:    Okawaru [......]
Gold:   385        SH:  0    Dex: 18    Spells: 4/15 levels left

rFire    . . .     SeeInvis .     - Unarmed
rCold    . . .     Gourm    .   (shield currently unavailable)
rNeg     . . .     Faith    .   (helmet currently unavailable)
rPois    x         Spirit   .   (no amulet)
rElec    .         Reflect  .   e - +5 ring of protection
rCorr    .         Harm     .   (no ring)
MR       .....                  (no ring)
Stlth    +++.......             (no ring)
HPRegen  0.16/turn              (no ring)
MPRegen  0.14/turn              (no ring)
                                (no ring)
                                (no ring)

@: spider-form
A: tiny, almost no armour, stealthy swim, (amphibious), 8 rings, (constrict 8)
a: End Transformation, Renounce Religion


You were on level 8 of the Dungeon.
You worshipped Okawaru.
Okawaru was noncommittal.
You were not hungry.
You were a venomous arachnid creature.
You visited 2 branches of the dungeon, and saw 9 of its levels.

You collected 385 gold pieces.

Inventory:

Missiles
 a - 46 arrows
Jewellery
 e - a +5 ring of protection (left front leg)
Wands
 m - a wand of enslavement (15)
 o - a wand of polymorph (10)
 s - a wand of disintegration (14)
Scrolls
 d - 9 scrolls of remove curse
 f - a scroll of fog
 g - a scroll of summoning {unknown}
 i - a scroll of random uselessness
 k - a scroll of enchant weapon
 l - a scroll of amnesia
 n - a scroll of magic mapping {unknown}
 t - a scroll of identify
Potions
 b - a potion of lignification
 h - a potion of berserk rage
 j - 2 potions of might
 p - a potion of curing
 q - a potion of agility {unknown}
 r - a potion of resistance
Comestibles
 c - 4 rations


   Skills:
 - Level 1.0 Fighting
 - Level 2.0 Dodging
 - Level 6.1 Stealth
 - Level 6.0 Unarmed Combat
 - Level 4.2 Spellcasting
 * Level 7.0 Transmutations


You had 4 spell levels left.
You knew the following spells:

 Your Spells              Type           Power        Failure   Level  Hunger
a - Beastly Appendage     Tmut           ####..       4%          1    None
b - Sticks to Snakes      Tmut           ####....     6%          2    ##.....
c - Spider Form           Tmut/Pois      ##........   28%         3    ###....
d - Blade Hands           Tmut           ####......   47%         5    ######.

Your spell library contained the following spells:

 Spells                   Type           Power        Failure   Level  Hunger
 Animate Skeleton         Necr           N/A          36%         1    None
 Apportation              Tloc           #.....       36%         1    None
 Confusing Touch          Hex            #.....       36%         1    None
 Summon Small Mammal      Summ           #...         36%         1    None
 Ice Form                 Ice/Tmut       ##......     58%         4    ####...
 Petrify                  Tmut/Erth      ##......     58%         4    ####...
 Confuse                  Hex            #.......     67%         3    ###....
 Gell's Gravitas          Tloc           #.........   67%         3    ###....
 Yara's Violent Unravell  Hex/Tmut       ##........   87%         5    ######.
 Metabolic Englaciation   Hex/Ice        #.........   100%        5    ######.


Dungeon Overview and Level Annotations

Branches:
Dungeon (8/15)             Temple (1/1) D:7
   Lair: D:8-11

Altars:
Ashenzari
Cheibriados
Dithmenos
Elyvilon
Fedhas
Gozag
Hepliaklqana
Kikubaaqudgha
Makhleb
Nemelex Xobeh
Okawaru
Qazlal
Ru
Sif Muna
Trog
Uskayaw
Vehumet
Wu Jian
Xom
Yredelemnul
Zin

Shops:
D:4 :

Annotations:
D:8 Erica


Innate Abilities, Weirdness & Mutations

You cannot wear most types of armour.
You are very stealthy in the water. (Stealth+)
((You are amphibious.))
You can wear up to eight rings at the same time.
((You can use your tentacles to constrict eight enemies at once.))
((Your skin changes colour to match your surroundings (Stealth+).))
((Your rubbery body absorbs attacks. (AC +1, EV +1)))


Message History

You extend your transformation's duration.
Something hits you. Something burns you.
You closely miss something. You tentacle-slap something. Something hits you.
Something burns you.
You miss something. Your squeeze misses something.
You hear some strange, mumbled words.
An orb of energy appears from out of thin air!
The orb of energy misses you.
The orb of energy explodes!
Casting: Beastly Appendage (safe; 1% risk of failure)
Confirm with . or Enter, or press ? or * to list all spells.
Your tentacle spike disappears.
You turn into a venomous arachnid creature.
Something hits you! Something burns you.
You hit something but do no damage. Something barely misses you.
You bite something! You hit something but do no damage.
Something closely misses you.
You hit something but do no damage. Something hits you!
* * * LOW HITPOINT WARNING * * *
Something burns you.
You die...

######.#######.#.# #.#.......#(#
###############.#.####..#.######
..............#.#.# #..#.......
..............#.#.####..########
.............................>
..............#l#.####.#######
..............#{#<####...#
..........l...#s#........#
..............#..........#
......).......###...)...##
..............# #.......#
..............# #.......#
.......)......# #########
..............# ..............#
..............#


You could see a leopard gecko.

Vanquished Creatures
  An orc warrior (D:6)
  2 phantoms
  A centaur (D:8)
  A bullfrog (D:6)
  4 scorpions
  A howler monkey (D:6)
  2 crimson imps
  A quasit (D:5)
  A jelly (D:6)
  2 hounds
  6 orc wizards
  Ijyb (D:5)
  4 worker ants
  A killer bee zombie (D:6)
  2 worker ant zombies
  Robin (D:2)
  12 adders
  A shadow imp (D:6)
  A white imp (D:4)
  2 oozes
  An adder skeleton (D:4)
  A worm (D:3)
  4 dart slugs
  6 leopard geckos
  13 orcs
  7 giant cockroaches
  11 goblins
  7 hobgoblins
  8 jackals
  4 kobolds
  9 quokkas
  6 bats
  5 frilled lizards
  A quokka skeleton (D:4)
  7 rats
137 creatures vanquished.

Notes
Turn   | Place    | Note
-------+----------+-------------------------------------------
     0 | D:1      | sl00ts the Octopode Transmuter began the quest for the Orb.
     0 | D:1      | Reached XP level 1. HP: 13/13 MP: 3/3
   144 | D:1      | Reached skill level 1 in Stealth
   180 | D:1      | Reached XP level 2. HP: 15/18 MP: 3/5
   693 | D:1      | Learned a level 2 spell: Sticks to Snakes
   723 | D:2      | Reached XP level 3. HP: 23/23 MP: 4/6
   778 | D:2      | Learned a level 3 spell: Spider Form
   888 | D:2      | Noticed Robin
   892 | D:2      | You fall through a shaft!
  1483 | D:2      | Reached XP level 4. HP: 27/28 MP: 5/7
  1817 | D:2      | Killed Robin
  1822 | D:2      | Reached skill level 3 in Transmutations
  2054 | D:2      | Reached XP level 5. HP: 23/33 MP: 6/8
  2679 | D:3      | Noticed a phantom
  2709 | D:3      | Killed a phantom
  2709 | D:3      | Reached XP level 6. HP: 10/38 MP: 8/10
  3510 | D:4      | Reached skill level 5 in Stealth
  3605 | D:4      | Reached skill level 4 in Transmutations
  4102 | D:4      | Reached XP level 7. HP: 20/43 MP: 11/11
  4366 | D:4      | Found Osib's Book Shop.
  5119 | D:5      | Entered Level 5 of the Dungeon
  5164 | D:5      | Noticed Ijyb
  5170 | D:5      | Found a shadowy altar of Dithmenos.
  5184 | D:5      | Killed Ijyb
  5184 | D:5      | Reached skill level 5 in Unarmed Combat
  5809 | D:5      | Found a shadowy altar of Dithmenos.
  6494 | D:5      | Found a shimmering altar of Xom.
  6870 | D:5      | Learned a level 5 spell: Blade Hands
  6879 | D:6      | Reached skill level 5 in Transmutations
  6884 | D:6      | Reached XP level 8. HP: 27/48 MP: 11/13
  7581 | D:6      | Reached skill level 6 in Transmutations
  8320 | D:7      | Found a staircase to the Ecumenical Temple.
  8326 | Temple   | Entered the Ecumenical Temple
  8873 | Temple   | Paralysed by fainting for 12 turns
  8914 | Temple   | Paralysed by fainting for 6 turns
  8929 | Temple   | Became a worshipper of Warmaster Okawaru
  8938 | Temple   | Paralysed by fainting for 7 turns
  9112 | D:8      | Noticed Erica
  9119 | D:8      | Reached skill level 7 in Transmutations
  9143 | D:8      | Slain by Erica

Vault maps used:
D:1:      dpeg_arrival_renting, serial_glass, glass_columns_c, glass_columns_a,
          glass_columns_b, glass_columns_a, glass_columns_a, glass_columns_a
D:2:      grunt_ministairs_3, uniq_robin
D:3:      first_ration
D:4:      serial_shops, shop_statue, minmay_fire_ice_demons
D:5:      minmay_strange_pillars, hangedman_feature_mirror,
          nicolae_dithmenos_the_darkroom, uniq_ijyb
D:7:      minmay_temple_entry_fiery, uniq_joseph
D:8:      lemuel_doored_altar, kennysheep_potato, uniq_erica
Temple:   nicolae_temple_the_god_donut

Skill      XL: |  1  2  3  4  5  6  7  8 |
---------------+-------------------------+-----
Stealth        | 1 2 3 4 5 6 |  6.1
Transmutations | 3 4 5 7 |  7.0
Unarmed Combat | 4 5 6 |  6.0
Spellcasting   | 3 4 |  4.2
Fighting       | |  1.0
Dodging        | |  2.0

Action                   |  1- 3 |  4- 6 |  7- 9 || total
-------------------------+-------+-------+-------++-------
Melee: Unarmed           |    54 |   150 |   169 ||   373
       Constrict         |    14 |    36 |    28 ||    78
       Tentacles         |    10 |    24 |    26 ||    60
       Kick              |     9 |    18 |    37 ||    64
       Punch             |       |     7 |     7 ||    14
 Cast: Beastly Appendage |    15 |    19 |    25 ||    59
       Spider Form       |     2 |     1 |     2 ||     5
       Sticks to Snakes  |       |       |     1 ||     1
  Use: Scroll            |       |     9 |     2 ||    11
       Potion            |       |     4 |     2 ||     6
 Stab: Sleeping          |     8 |     7 |    13 ||    28
       Distracted        |       |       |     1 ||     1
  Eat: Ration            |     1 |     1 |     4 ||     6
       Chunk             |       |     5 |     1 ||     6
Armor: Skin              |     9 |     4 |    42 ||    55
Dodge: Dodged            |    39 |    86 |    90 ||   215

Table legend:
 A = Non-vault XP
 B = Vault XP
 C = Vault XP percentage of total XP
 D = Non-vault monster count
 E = Vault monster count
 F = Vault count percentage of total count
                 A         B        C        D         E       F
            +---------+---------+-------+---------+---------+-------
      Total |    1884 |     168 |   8.2 |     117 |      20 |  14.6
            +---------+---------+-------+---------+---------+-------
        D:1 |      31 |       0 |   0.0 |      15 |       0 |   0.0
        D:2 |     103 |      38 |  27.0 |      21 |      13 |  38.2
        D:3 |     260 |       0 |   0.0 |      23 |       0 |   0.0
        D:4 |     229 |      58 |  20.2 |      22 |       2 |   8.3
        D:5 |     233 |      72 |  23.6 |       7 |       5 |  41.7
        D:6 |     884 |       0 |   0.0 |      26 |       0 |   0.0
        D:8 |     144 |       0 |   0.0 |       3 |       0 |   0.0
            +---------+---------+-------+---------+---------+-------
